AoeStats
← NDF

Lombardia

508122467Analyzed
2v2 RM · 10d ago on Sep 21, 2026· 73m 33s· 4 players
Game mode
Random Map
Map size
Medium (4 player)
Population
200
Speed
Normal
Resources
Standard
Victory
Conquest
Starting age
Dark Age
Ending age
Imperial Age
RankedLock teamsTeams togetherTeam positionsShared explorationLock speedFull tech treeHidden civsTurbo modeCheats
Victory
Defeat
🇨🇱 Japanese · Chile
891
+28
585
+20
🇦🇷 Teutons · Argentina
702
-15
🇦🇷 Spanish · Argentina
701
-14
rodrigoaravenaponce
2:13 Loom
12:49 Feudal Age
17:53 Castle Age
17:59 Scale Mail Armor
18:39 Man-at-Arms
19:34 Gambesons
24:25 Fervor
28:50 Horse Collar
28:57 Town Watch
29:51 Wheelbarrow
29:05 Double-Bit Axe
32:51 Imperial Age
30:40 Bow Saw
30:00 Pikeman
32:05 Hand Cart
34:52 Fletching
35:13 Forging
35:41 Cavalier
36:32 Bloodlines
36:22 Husbandry
36:58 Conscription
41:34 Scale Barding Armor
41:29 Bodkin Arrow
42:09 Iron Casting
41:50 Chain Mail Armor
43:17 Gold Mining
43:36 Arquebus
45:00 Murder Holes
46:06 Chemistry
45:53 Elite Organ Gun
47:14 Devotion
53:41 Siege Engineers
53:58 Ballistics
53:23 Treadmill Crane
56:16 Chain Barding Armor
56:57 Blast Furnace
56:28 Plate Mail Armor
55:59 Bracer
56:17 Masonry
55:58 Arson
61:01 Theocracy
60:48 Sanctity
62:27 Architecture
64:17 Two-Man Saw
63:22 Town Patrol
73:18 Plate Barding Armor
osvaldowr
0:32 Loom
15:01 Feudal Age
20:31 Arson
20:53 Double-Bit Axe
20:52 Horse Collar
21:49 Wheelbarrow
23:59 Castle Age
24:59 Scale Mail Armor
25:17 Hand Cart
25:43 Bow Saw
25:36 Heavy Plow
25:29 Stone Mining
28:45 Chain Mail Armor
28:41 Forging
28:22 Fletching
28:40 Squires
29:38 Town Watch
30:12 Caravan
35:30 Imperial Age
33:46 Town Patrol
35:18 Gambesons
36:26 Gold Mining
37:03 Conscription
36:48 Husbandry
38:14 Elite Samurai
40:16 Yasama
42:10 Two-Man Saw
47:11 Gold Shaft Mining
47:03 Kataparuto
46:44 Murder Holes
47:51 Chemistry
47:38 Plate Mail Armor
47:44 Iron Casting
47:06 Bodkin Arrow
65:42 Hoardings
66:09 Blast Furnace
65:09 Bracer
69:00 Ballistics
68:53 Masonry
68:24 Treadmill Crane
68:36 Guard Tower
68:34 Arrowslits
68:59 Siege Engineers
NDF
2:58 Loom
12:39 Feudal Age
13:44 Man-at-Arms
23:02 Castle Age
22:13 Horse Collar
22:24 Double-Bit Axe
22:32 Stone Mining
22:35 Gold Mining
23:40 Padded Archer Armor
23:31 Fletching
23:54 Forging
24:35 Crossbowman
26:04 Leather Archer Armor
30:41 Bodkin Arrow
33:52 Iron Casting
36:04 Scale Mail Armor
36:10 Scale Barding Armor
43:16 Imperial Age
41:22 Wheelbarrow
40:33 Town Watch
41:43 Masonry
43:12 Heavy Plow
43:28 Bow Saw
44:23 Stone Shaft Mining
44:28 Elite Teutonic Knight
44:48 Capped Ram
47:46 Hoardings
50:09 Hand Cart
49:55 Town Patrol
51:00 Sappers
51:51 Ironclad
53:27 Chain Mail Armor
55:26 Town Patrol
59:27 Crop Rotation
62:22 Two-Man Saw
62:03 Plate Mail Armor
62:58 Caravan
65:15 Arson
65:31 Squires
64:52 Pikeman
68:56 Halberdier
estebanpa
5:13 Loom
12:40 Feudal Age
13:16 Double-Bit Axe
13:18 Horse Collar
18:25 Castle Age
16:41 Scale Mail Armor
16:52 Gold Mining
20:00 Bow Saw
21:06 Pikeman
21:50 Squires
22:20 Heavy Plow
22:36 Bloodlines
24:56 Stone Mining
31:50 Chain Mail Armor
31:46 Forging
31:42 Scale Barding Armor
44:53 Imperial Age
42:59 Wheelbarrow
42:09 Town Watch
43:50 Iron Casting
43:35 Chain Barding Armor
43:51 Caravan
45:08 Stone Mining
44:59 Onager
46:29 Stone Shaft Mining
45:34 Halberdier
46:55 Plate Mail Armor
47:28 Blast Furnace
47:05 Plate Barding Armor
50:28 Cavalier
55:11 Paladin
Connection lost

Rejoining the realm…

Still unreachable

The connection could not be restored.

Session expired

The server has moved on; the page needs a fresh start.